 Dungeon Crawl Stone Soup version 0.31-a0-675-g238779eb0a (webtiles) character file.

Game seed: 6429710420344314610

296 qw the Shooter (level 6, 0/38 HPs)
             Began as a Gargoyle Hunter on Sept 5, 2023.
             Slain by an orc
             ... wielding a +0 trident
              (4 damage)
             ... on level 4 of the Dungeon.
             The game lasted 00:01:05 (2353 turns).

qw the Shooter (Gargoyle Hunter)                    Turns: 2353, Time: 00:01:06

Health: 0/38       AC: 13    Str: 14    XL:     6   Next: 34%
Magic:  0/6        EV: 10    Int: 10    God:
Gold:   54         SH:  0    Dex: 15    Spells: 5/5 levels left

rFire   . . .        Y - +1 shortbow
rCold   . . .        (shield currently unavailable)
rNeg    + . .        i - +3 ring mail
rPois   inf          (no helmet)
rElec   +            (no cloak)
rCorr   .            m - +0 pair of gloves
SInv    .            (no boots)
Will    .....        k - amulet of guardian spirit
Stlth   +            (no ring)
HPRegen 0.26/turn    (no ring)
MPRegen 0.10/turn

%: guardian spirit
@: no status effects
A: sickness immunity, AC +4, negative energy resistance 1, electricity
resistance, torment resistance 1, petrification resistance
a: no special abilities


You were on level 4 of the Dungeon.
You visited 1 branch of the dungeon, and saw 4 of its levels.

You collected 54 gold pieces.


Innate Abilities, Weirdness & Mutations

You are immune to sickness and miasma.
Your stone body is resilient. (AC +4)
You are immune to poison.
You resist negative energy. (rN+)
You are resistant to electric shocks. (rElec)
You are resistant to unholy torment.
You are immune to petrification.


   Skills:
 - Level 4.1 Fighting
 + Level 6.5 Ranged Weapons
 - Level 1.0 Armour
 - Level 1.5 Dodging
 - Level 1.1 Stealth


You had 5 spell levels left.
You didn't know any spells.
Your spell library was empty.

Inventory:

Hand Weapons
 Y - a +1 shortbow (weapon)
Armour
 d - a +1 leather armour of fire resistance
 f - a +0 helmet
 i - a +3 ring mail (worn)
 m - a +0 pair of gloves (worn)
Jewellery
 h - a ring of ice
 k - an amulet of guardian spirit (around neck)
Wands
 e - a wand of digging (2)
Scrolls
 b - a scroll of identify
Potions
 a - 3 potions of mutation
 g - a potion of lignification {unknown}
 j - a potion of haste {unknown}
 l - a potion of resistance {unknown}
 n - a potion of curing {unknown}
 o - 2 potions of attraction {unknown}

Dungeon Overview and Level Annotations

Branches:
Dungeon (4/15)
 Temple: D:4-7

Altars:
Makhleb
Qazlal

Shops:
D:1 *


Message History

The orc hits you but does no damage.
The orc hits you with a +1 hand axe of venom.
The orc barely misses you. The orc hits you with a +0 falchion.
The orc barely misses you. The orc hits you but does no damage.
The orc barely misses you. The orc hits you but does no damage.
The orc closely misses you. The orc barely misses you.
You shoot an arrow. The arrow hits the orc.
The orc is heavily wounded.
The orc hits you but does no damage. x2; The orc closely misses you.
The orc hits you but does no damage. The orc barely misses you.
You shoot an arrow. The arrow hits the orc!
You kill the orc!
The orc hits you but does no damage. The orc closely misses you.
The orc barely misses you. The orc hits you but does no damage.
You shoot an arrow. The arrow closely misses the orc.
The orc hits you with a +0 whip. The orc barely misses you.
The orc hits you but does no damage. The orc barely misses you.
You shoot an arrow. The arrow hits the orc.
The orc is severely wounded.
The orc hits you with a +0 whip. The orc barely misses you.
The orc hits you but does no damage. x2
You shoot an arrow.
The arrow hits the orc but does no damage.
The orc is severely wounded.
The orc hits you but does no damage.
The orc hits you with a +1 hand axe of venom.
The orc hits you but does no damage. The orc barely misses you.
The orc misses you. The orc hits you but does no damage. x3
You shoot an arrow. The arrow closely misses the orc.
The orc closely misses you.
The orc hits you from afar with a +0 trident.
The orc hits you but does no damage. The orc barely misses you.
You shoot an arrow. The arrow closely misses the orc.
The orc hits you but does no damage. x3; The orc barely misses you.
You shoot an arrow.
The arrow hits the orc but does no damage.
The orc is severely wounded.
The orc hits you but does no damage.
The orc hits you from afar with a +0 trident.
You die...

.#.##..#.....##.# #.##.
.........##..##.##....
..#.#.....#.........# #
###.#.........#....# ..
#..............#..## ...
...................#...#
.#..........%...........
##...##.........o.......
##..##........o@)......
####....#....o.)..)...
##...#.....o.......
#........?.........
.....#<............
.....#.............
...........##......
....... ..#...


You could see 4 orcs.

Vanquished Creatures
  A sky beast (D:3)
  An orc priest (D:3)
  A sleepcap (D:4)
  6 adders
  3 worms
  2 dart slugs
  6 orcs
  8 bats
  9 endoplasms
  8 giant cockroaches
  6 goblins
  7 hobgoblins
  3 jackals (D:2)
  A quokka (D:3)
  3 ball pythons
  2 frilled lizards
  3 kobolds
  4 rats
74 creatures vanquished.

Notes
Turn   | Place    | Note
-------+----------+-------------------------------------------
     0 | D:1      | qw the Gargoyle Hunter began the quest for the Orb.
     0 | D:1      | Reached XP level 1. HP: 12/12 MP: 1/1
     0 | D:1      | 0 ||| qw: Version: 0.3-a-75-g829b12e
     0 | D:1      | 0 ||| qw: Game counter: 127
     0 | D:1      | 0 ||| qw: Melee chars always use a shield: true
     0 | D:1      | 0 ||| qw: God list: Okawaru
     0 | D:1      | 0 ||| qw: Allow faded altars: false
     0 | D:1      | 0 ||| qw: Do Orc after clearing Dungeon:15 true
     0 | D:1      | 0 ||| qw: Do second Lair branch before Depths: true
     0 | D:1      | 0 ||| qw: Lair rune preference: random
     0 | D:1      | 0 ||| qw: Goals: Normal
     0 | D:1      | 0 ||| PLANNING D:1-11
   118 | D:1      | 118 ||| UPGRADING to +0 ring mail.
   130 | D:1      | Reached XP level 2. HP: 13/17 MP: 2/2
   146 | D:1      | 146 ||| DROPPING +0 leather armour.
   223 | D:1      | Reached skill level 1 in Armour
   256 | D:1      | Found Goagen's General Store.
   267 | D:1      | 267 ||| SHOPLISTING 2 potions of cancellation (160 gold,
                  | have 0).
   267 | D:1      | 267 ||| SHOPLISTING potion of curing (30 gold, have 0).
   267 | D:1      | 267 ||| UPGRADING to +3 ring mail.
   277 | D:1      | 277 ||| DROPPING +0 ring mail.
   518 | D:1      | 518 ||| READING scroll labelled VAONON ORAZOFA.
   519 | D:1      | 519 ||| READING 2 scrolls labelled POADUUCOCUT.
   520 | D:1      | 520 ||| DROPPING scroll of butterflies.
   521 | D:1      | 521 ||| DROPPING scroll of poison.
   534 | D:2      | 534 ||| STAIRDANCE
   539 | D:2      | 539 ||| STAIRDANCE
   566 | D:2      | Reached XP level 3. HP: 21/21 MP: 3/3
   695 | D:2      | Reached skill level 5 in Ranged Weapons
   925 | D:2      | 925 ||| Stepping ~*~*~tactically~*~*~ (outnumbered).
  1086 | D:2      | Reached XP level 4. HP: 27/27 MP: 4/4
  1189 | D:2      | Reached skill level 3 in Fighting
  1204 | D:2      | 1204 ||| UPGRADING to amulet of guardian spirit.
  1209 | D:2      | 1209 ||| READING 2 scrolls labelled LOFARA LAIRR.
  1210 | D:2      | 1210 ||| READING scroll labelled JOKHEPT MOQAO.
  1211 | D:2      | 1211 ||| DRINKING 3 viscous clear potions.
  1212 | D:2      | 1212 ||| DROPPING 2 potions of magic.
  1270 | D:3      | 1270 ||| STAIRDANCE
  1289 | D:3      | 1289 ||| STAIRDANCE
  1309 | D:3      | 1309 ||| STAIRDANCE
  1314 | D:3      | 1314 ||| STAIRDANCE
  1359 | D:3      | 1359 ||| STAIRDANCE
  1364 | D:3      | 1364 ||| STAIRDANCE
  1441 | D:3      | 1441 ||| STAIRDANCE
  1493 | D:3      | Reached XP level 5. HP: 32/32 MP: 5/5
  1552 | D:3      | Found a stormy altar of Qazlal.
  1552 | D:3      | Noticed a sky beast
  1564 | D:3      | Killed a sky beast
  1565 | D:3      | Reached skill level 6 in Ranged Weapons
  1582 | D:3      | 1582 ||| READING scroll labelled AQOWOH COBINA.
  1583 | D:3      | 1583 ||| READING 2 scrolls of identify.
  1583 | D:3      | 1583 ||| IDENTIFYING murky puce potion
  1621 | D:3      | Reached XP level 6. HP: 37/37 MP: 6/6
  1660 | D:3      | Found a burning altar of Makhleb.
  1660 | D:3      | Noticed a blizzard demon
  2178 | D:3      | 2178 ||| UPGRADING to +0 pair of gloves.
  2183 | D:3      | 2183 ||| READING scroll labelled BUISEEJUTRU.
  2184 | D:3      | 2184 ||| READING 3 scrolls of identify.
  2184 | D:3      | 2184 ||| IDENTIFYING golden potion
  2185 | D:3      | 2185 ||| READING 2 scrolls of identify.
  2185 | D:3      | 2185 ||| IDENTIFYING clear potion
  2186 | D:3      | 2186 ||| DROPPING potion of brilliance.
  2341 | D:4      | HP: 8/38 [orc/+0 falchion (3)]
  2342 | D:4      | 2342 ||| DRINKING potion of heal wounds.
  2348 | D:4      | HP: 5/38 [orc/+0 whip (5)]
  2353 | D:4      | Slain by an orc

Levels and vault maps discovered:
D:1:      mushboom_english_gardens, layout_basic, serial_shops, shop,
          serial_bayou_lagoon_a
D:2:      layout_basic
D:3:      layout_basic, nicolae_qazlal_beasts_of_the_sky,
          makhleb_altar_promises_db
D:4:      layout_cave_pools, serial_shops, nicolae_shop_overgrown_old_shop

Skill      XL: |  1  2  3  4  5  6 |
---------------+-------------------+-----
Armour         | 1 |  1.0
Ranged Weapons | 5 6 |  6.5
Fighting       | 3 4 |  4.1
Dodging        | |  1.5
Stealth        | |  1.1

Action                     |  1- 3 |  4- 6 || total
---------------------------+-------+-------++-------
   Fire: Shortbow          |   105 |   131 ||   236
    Use: Scroll            |     2 |     7 ||     9
         Potion            |       |     2 ||     2
 Armour: Leather armour    |     3 |       ||     3
         Skin              |     2 |       ||     2
         Ring mail         |    40 |   121 ||   161
  Dodge: Dodged            |    37 |    96 ||   133

Table legend:
 A = Non-vault XP
 B = Vault XP
 C = Vault XP percentage of total XP
 D = Non-vault monster count
 E = Vault monster count
 F = Vault count percentage of total count
                 A         B        C        D         E       F
            +---------+---------+-------+---------+---------+-------
      Total |     291 |     132 |  31.2 |      73 |       1 |   1.4
            +---------+---------+-------+---------+---------+-------
        D:1 |      27 |       0 |   0.0 |      16 |       0 |   0.0
        D:2 |      88 |       0 |   0.0 |      27 |       0 |   0.0
        D:3 |      96 |     132 |  57.9 |      19 |       1 |   5.0
        D:4 |      80 |       0 |   0.0 |      11 |       0 |   0.0
            +---------+---------+-------+---------+---------+-------
